AoeStats
← Nawelson

Arabia

510195906Analyzed
1v1 RM · 1d ago on Sep 29, 2026· 50m 24s· 2 players
Game mode
Random Map
Map size
Tiny (2 player)
Population
200
Speed
Normal
Resources
Standard
Victory
Conquest
Starting age
Dark Age
Ending age
Imperial Age
RankedLock teamsTeams togetherTeam positionsShared explorationLock speedFull tech treeHidden civsTurbo modeCheats
Victory
Defeat
🇨🇴 Ethiopians · Colombia
1612
+18
🇦🇷 Vikings · Argentina
1650
-18
GDL_arlekin_
6:26 Loom
9:16 Feudal Age
9:23 Man-at-Arms
12:19 Double-Bit Axe
13:11 Fletching
18:33 Padded Archer Armor
23:11 Castle Age
22:46 Gold Mining
24:14 Wheelbarrow
23:14 Crossbowman
24:08 Bodkin Arrow
27:20 Ballistics
27:54 Bow Saw
27:57 Horse Collar
29:56 Hand Cart
30:18 Leather Archer Armor
32:43 Scale Barding Armor
33:59 Forging
35:00 Chain Barding Armor
34:50 Husbandry
37:36 Gold Shaft Mining
42:10 Imperial Age
39:48 Stone Mining
40:15 Heavy Plow
41:40 Iron Casting
40:28 Light Cavalry
42:48 Stone Shaft Mining
43:54 Chemistry
43:13 Bracer
43:13 Arbalester
45:54 Ring Archer Armor
49:25 Torsion Engines
51:03 Blast Furnace
51:19 Conscription
Nawelson
6:21 Loom
8:55 Feudal Age
9:34 Double-Bit Axe
10:52 Fletching
12:11 Horse Collar
15:04 Town Watch
16:43 Padded Archer Armor
24:15 Castle Age
22:25 Gold Mining
25:10 Bodkin Arrow
24:36 Crossbowman
25:01 Elite Skirmisher
28:08 Bow Saw
30:17 Ballistics
33:03 Heavy Plow
34:30 Pikeman
35:30 Scale Mail Armor
36:27 Chain Mail Armor
36:28 Squires
37:54 Leather Archer Armor
37:55 Forging
42:48 Imperial Age
41:29 Stone Mining
43:31 Chieftains
43:38 Arson
44:01 Bracer
43:28 Arbalester
45:05 Leather Archer Armor
45:12 Conscription
46:06 Chemistry
47:08 Ring Archer Armor
49:12 Capped Ram
Connection lost

Rejoining the realm…

Still unreachable

The connection could not be restored.

Session expired

The server has moved on; the page needs a fresh start.